 Dungeon Crawl Stone Soup version 0.26.1-11-gd32895ea62 (webtiles) character file.

Game seed: 15925945919258854280

112 Zeld the Insei (level 4, -1/29 HPs)
             Began as an Octopode Transmuter on Sept 12, 2021.
             Slain by a hobgoblin
             ... wielding a +0 club
              (5 damage)
             ... on level 2 of the Dungeon.
             The game lasted 00:03:00 (3331 turns).

Zeld the Insei (Octopode Transmuter)                Turns: 3331, Time: 00:03:01

Health: -1/29      AC:  1    Str: 10    XL:     4   Next: 95%
Magic:  5/8        EV: 13    Int: 15    God:
Gold:   69         SH:  0    Dex: 12    Spells: 2/8 levels left

rFire    . . .     SeeInvis +     - Unarmed
rCold    . . .     Faith    .   (no shield)
rNeg     . . .     Spirit   .   (helmet currently unavailable)
rPois    .         Reflect  .   (no amulet)
rElec    .         Harm     .   c - ring of see invisible
rCorr    .         Rampage  .   (no ring)
Will     .....                  (no ring)
Stlth    +++.......             (no ring)
HPRegen  0.09/turn              (no ring)
MPRegen  0.11/turn              (no ring)
                                (no ring)
                                (no ring)

@: lethally poisoned (-1 -> -5), appendages (expiring), wereblooded
A: almost no armour, stealthy swim, amphibious, 8 rings, constrict 8, tentacle
spike 3, camouflage 1, gelatinous body 1
a: End Transformation


You were on level 2 of the Dungeon.
One of your tentacles had a temporary spike.
You visited 1 branch of the dungeon, and saw 3 of its levels.

You collected 69 gold pieces.

Inventory:

Jewellery
 c - a ring of see invisible (left tentacle)
Scrolls
 b - a scroll of enchant armour {unknown}
 e - 2 scrolls of noise {unknown}
 g - a scroll of identify {unknown}
 h - 2 scrolls of immolation {unknown}
 k - 3 scrolls of enchant weapon {unknown}
Potions
 a - a potion of lignification {unknown}
 d - a potion of brilliance {unknown}
 f - a potion of flight {unknown}
 i - 2 potions of heal wounds {unknown}
 j - a potion of cancellation {unknown}


   Skills:
 * Level 2.2 Fighting
 + Level 2.4 Dodging
 + Level 2.1 Stealth
 - Level 3.0 Unarmed Combat
 * Level 2.7 Spellcasting
 * Level 2.8 Transmutations
 + Level 0.8 Poison Magic


You had 2 spell levels left.
You knew the following spells:

 Your Spells              Type           Power        Failure   Level
a - Beastly Appendage     Tmut           20%          6%          1
b - Wereblood             Tmut           10%          10%         2
c - Spider Form           Tmut/Pois      3%           28%         3

Your spell library contained the following spells:

 Spells                   Type           Power        Failure   Level
 Animate Skeleton         Necr           4%           21%         1
 Apportation              Tloc           4%           21%         1
 Corona                   Hex            2%           21%         1
 Summon Small Mammal      Summ           8%           21%         1
 Ice Form                 Ice/Tmut       6%           75%         4
 Blade Hands              Tmut           5%           86%         5


Dungeon Overview and Level Annotations

Branches:
Dungeon (3/15)

Altars:
Dithmenos
Sif Muna
Yredelemnul


Innate Abilities, Weirdness & Mutations

You cannot wear most types of armour.
You are very stealthy in the water. (Stealth+)
You are amphibious.
You can wear up to eight rings at the same time.
You can use your tentacles to constrict eight enemies at once.
Your skin changes colour to match your surroundings (Stealth+).
Your rubbery body absorbs attacks. (AC +1, EV +1)
One of your tentacles bears a large vicious spike.


Message History

You tentacle-slap the worker ant.
The worker ant is almost dead.
You constrict the worker ant.
* * * LOW HITPOINT WARNING * * *
You feel sick. The worker ant misses you.
Unknown command.
You tentacle-slap the worker ant but do no damage.
You pierce the worker ant, but do no damage.
You squeeze the worker ant.
You kill the worker ant!
You howl as the wereblood boils in your veins!
Unknown command.
* * * LOW HITPOINT WARNING * * *
You feel sick.
You closely miss the hobgoblin. You grab the hobgoblin.
Your tentacle spike misses the hobgoblin.
Your squeeze misses the hobgoblin.
You constrict the hobgoblin, but do no damage.
The hobgoblin hits you with a +0 club.
You die...

.## ?.# #.# #.# #.###
#### ######...##
...########.........#
##.#........####@####
...#..#(#.#.# #g#
####.#.#..#.# #g#
.....†....#.#.......#
#####################


You could see a hobgoblin and a goblin.

Vanquished Creatures
  A worker ant (D:2)
  3 adders (D:2)
  2 worms (D:2)
  3 leopard geckos
  2 giant cockroaches (D:2)
  8 goblins
  8 hobgoblins
  10 kobolds
  6 bats
  2 frilled lizards
  6 rats
51 creatures vanquished.

Notes
Turn   | Place    | Note
-------+----------+-------------------------------------------
     0 | D:1      | Zeld the Octopode Transmuter began the quest for the Orb.
     0 | D:1      | Reached XP level 1. HP: 13/13 MP: 3/3
   477 | D:1      | Reached XP level 2. HP: 18/18 MP: 3/5
   484 | D:1      | Learned a level 2 spell: Wereblood
  1062 | D:1      | Reached XP level 3. HP: 23/23 MP: 6/6
  1066 | D:1      | Learned a level 3 spell: Spider Form
  1096 | D:1      | Reached skill level 1 in Stealth
  1824 | D:2      | You fall into a shaft and drop 1 floor!
  2122 | D:2      | Found a shimmering blue altar of Sif Muna.
  2126 | D:2      | Found a shadowy altar of Dithmenos.
  2130 | D:2      | Found a basalt altar of Yredelemnul.
  3022 | D:2      | Reached XP level 4. HP: 24/29 MP: 4/7
  3331 | D:2      | Slain by a hobgoblin

Illustrated notes

Levels and vault maps discovered:
D:1:      dpeg_arrival_orchard, layout_basic
D:2:      minmay_thinvault, layout_basic, old_standard_altar,
          grunt_temple_overflow_diamond, grunt_decor_resistance,
          roderic_filled_cross
D:3:      layout_loops_corners, marbit_many_paths, gammafunk_ghost_necromancy,
          chequers_mini_garden, columned_hall_lemuel, minivault_24, uniq_robin

Skill      XL: |  1  2  3  4 |
---------------+-------------+-----
Stealth        | 1 2 |  2.1
Fighting       | 2 |  2.2
Dodging        | |  2.4
Unarmed Combat | |  3.0
Spellcasting   | |  2.7
Transmutations | |  2.8
Poison Magic   | |  0.8

Action                   |  1- 3 |  4- 6 || total
-------------------------+-------+-------++-------
Melee: Unarmed           |    91 |    25 ||   116
       Tentacles         |    12 |     7 ||    19
       Constrict         |    27 |     8 ||    35
       Kick              |    16 |     4 ||    20
 Cast: Beastly Appendage |    35 |     5 ||    40
       Wereblood         |     2 |     1 ||     3
 Stab: Sleeping          |    10 |       ||    10
Armor: Skin              |    13 |     2 ||    15
Dodge: Dodged            |    62 |    18 ||    80
